 Dungeon Crawl Stone Soup version 0.28-a0-687-gb91baff9cc (webtiles) character file.

Game seed: 9733426823610510638

5124 mordus the Basher (level 10, -3/70 HPs)
             Began as a Formicid Fighter on Oct 19, 2021.
             Slain by a killer bee (7 damage)
             ... on level 9 of the Dungeon.
             The game lasted 00:21:27 (11320 turns).

mordus the Basher (Formicid Fighter)               Turns: 11320, Time: 00:21:28

Health: -3/70      AC: 14    Str: 27    XL:     10   Next: 88%
Magic:  10/10      EV:  8    Int: 10    God:
Gold:   368        SH:  6    Dex: 10    Spells: 9/9 levels left

rFire   + + +      SeeInvis +   A - +1 hand axe "Efizitumm" {spect, Str+2}
rCold   . . .      Faith    .   c - +0 buckler
rNeg    . . .      Spirit   .   f - +2 chain mail {rPois}
rPois   +          Reflect  .   (helmet unavailable)
rElec   .          Harm     +   q - +0 cloak
rCorr   .          Rampage  .   (no gloves)
Will    ++...                   (no boots)
Stlth   ..........              k - amulet of the Queen {Acrobat Harm rF++ Int+3}
HPRegen 0.21/turn               h - ring of willpower
MPRegen 0.12/turn               x - ring of protection from fire

@: no status effects
A: permanent stasis, dig shafts and tunnels, antennae 3, four strong arms
a: Dig, Shaft Self


You were on level 9 of the Dungeon.
You visited 1 branch of the dungeon, and saw 9 of its levels.

You collected 368 gold pieces.

Inventory:

Hand Weapons
 a - a +0 flail of flaming
 u - a +3 whip
 A - the +1 hand axe "Efizitumm" (weapon) {spect, Str+2}
   (You found it on level 7 of the Dungeon)

   When its wielder attacks, the weapon's spirit leaps out and strikes again.
   The spirit shares a part of any damage it takes with its wielder.
   Str:       It affects your strength (+2).
Missiles
 i - 3 throwing nets
Armour
 c - a +0 buckler (worn)
 f - a +2 chain mail of poison resistance (worn)
 q - a +0 cloak (worn)
 B - a +1 chain mail of cold resistance
 C - +0 swamp dragon scales
Jewellery
 g - an amulet of magic regeneration
 h - a ring of willpower (left hand)
 k - the amulet of the Queen (around neck) {Acrobat Harm rF++ Int+3}
   (You acquired it on level 7 of the Dungeon)

   [amulet of the acrobat]

   It increases your evasion while moving and waiting.
   Int:       It affects your intelligence (+3).
   rF:        It greatly protects you from fire.
   Harm:      It increases damage dealt and taken.
 r - a ring of wizardry
 x - a ring of protection from fire (right hand)
Wands
 p - a wand of paralysis (5)
 v - a wand of iceblast (12)
Scrolls
 e - 2 scrolls of noise
 j - 3 scrolls of teleportation
 l - 9 scrolls of identify
 m - a scroll of immolation
 n - a scroll of magic mapping
 s - 2 scrolls of vulnerability
 t - a scroll of fear
Potions
 b - 5 potions of curing
 d - 2 potions of might
 o - 2 potions of ambrosia
 w - a potion of flight {unknown}
 z - 2 potions of mutation {unknown}


   Skills:
 - Level 3.2 Fighting
 * Level 11.0 Maces & Flails
 + Level 9.1 Armour
 + Level 9.9 Shields


You had 9 spell levels left.
You didn't know any spells.
Your spell library contained the following spells:

 Spells                   Type           Power      Damage    Failure   Level
 Static Discharge         Conj/Air       0%         N/A       95%         2
 Ignite Poison            Fire/Tmut/Pois 0%         N/A       99%         3
 Mephitic Cloud           Conj/Pois/Air  0%         N/A       99%         3
 Ozocubu's Armour         Ice            0%         N/A       99%         3
 Freezing Cloud           Conj/Ice/Air   0%         6-21      100%        5
 Lightning Bolt           Conj/Air       0%         1d11      100%        5
 Metabolic Englaciation   Hex/Ice        0%         N/A       100%        5
 Simulacrum               Ice/Necr       0%         N/A       100%        6
 Maxwell's Capacitive Co  Air            0%         ∞         100%        8


Dungeon Overview and Level Annotations

Branches:
Dungeon (9/15)             Temple (0/1) D:7            Lair (0/6) D:8
    Orc: D:9-12

Altars:
Dithmenos
Fedhas
Kikubaaqudgha
Makhleb
Okawaru
Ru
Trog
Uskayaw
Xom

Annotations:
D:5 1 runed translucent door, flotson's ghost, weakling DsDe
D:8 1 runed translucent door, sleeves's ghost, novice DsMo


Innate Abilities, Weirdness & Mutations

You cannot be hasted, slowed, berserked, paralysed or teleported.
You can dig through walls and to a lower floor.
You have a pair of large antennae on your head. (SInv)
Your four strong arms can wield two-handed weapons with a shield.


Message History

A cyclops comes into view.
You closely miss the wyvern.
The wyvern is almost dead.
You miss the killer bee. You hit the killer bee.
You kill the killer bee!
You hit the killer bee.
Your +1 hand axe "Efizitumm" {spect, Str+2} misses the killer bee.
Your +1 hand axe "Efizitumm" {spect, Str+2} hits the wyvern.
You feel sick.
The killer bee stings you but does no damage. x2
You block the wyvern's attack. The killer bee closely misses you.
The killer bee stings you but does no damage.
Your life force feels restored.
You feel better.
The killer bee stings you but does no damage.
The wyvern bites you but does no damage.
The killer bee stings you but does no damage. x2
The wyvern barely misses you. The killer bee barely misses you.
You hit the wyvern but do no damage.
The wyvern is almost dead.
You hit the killer bee. You barely miss the killer bee.
Your +1 hand axe "Efizitumm" {spect, Str+2} completely misses the killer bee.
Your +1 hand axe "Efizitumm" {spect, Str+2} misses the killer bee.
The killer bee stings you.
* * * LOW HITPOINT WARNING * * *
You block the killer bee's attack.
The wyvern bites you but does no damage.
The killer bee closely misses you. You block the killer bee's attack.
You closely miss the wyvern.
The wyvern is almost dead.
You miss the killer bee. You barely miss the killer bee.
Your +1 hand axe "Efizitumm" {spect, Str+2} barely misses the killer bee.
Your +1 hand axe "Efizitumm" {spect, Str+2} completely misses the killer bee.
The killer bee stings you.
* * * LOW HITPOINT WARNING * * *
The wyvern bites you!
* * * LOW HITPOINT WARNING * * *
The killer bee stings you but does no damage.
The killer bee stings you.
You die...

## ####.# #.....#
. #...#. #.)(..#
##.....+ ##......#
##.......#
#.)......#
#........#
########.........#
........l@y(...###
.........y†....#
...............#
###+###........+
#........#
#..C.....#
+........#
#........#
#........#


You could see a cyclops, a wyvern, 2 killer bees and a friendly +1 hand axe
"Efizitumm" {spect, Str+2} (summoned).

Vanquished Creatures
  Gastronok (D:8)
  Maurice (D:8)
  Maggie (D:8)
  A hornet (D:8)
  Grinder (D:5)
  A steam dragon (D:5)
  Duvessa (D:7)
  2 orc warriors
  A sky beast (D:7)
  A hornet zombie (D:8)
  2 ogres
  4 necrophages
  2 centaurs
  A phantom (D:4)
  Blork the orc (D:6)
  2 bullfrogs
  A kobold brigand (D:8)
  3 scorpions
  Dowan (D:7)
  A wyvern skeleton (D:7)
  5 killer bees
  4 wights (D:8)
  An electric eel (D:6)
  A bullfrog skeleton (D:6)
  2 gnoll shamans
  4 orc priests
  A centaur skeleton (D:7)
  2 iguanas
  2 jellies
  5 orc wizards
  A scorpion zombie (D:5)
  A hound zombie (D:5)
  12 gnolls
  7 adders
  A shadow imp (D:6)
  An ufetubus (D:4)
  A worm (D:5)
  3 dart slugs
  26 orcs
  10 bats
  11 endoplasms
  4 giant cockroaches
  7 goblins
  3 hobgoblins
  12 jackals
  A quokka (D:1)
  7 ball pythons
  3 frilled lizards
  7 kobolds
  11 rats
185 creatures vanquished.

Vanquished Creatures (others)
  An orc (D:6)
  15 plants
16 creatures vanquished.

Grand Total: 201 creatures vanquished

Notes
Turn   | Place    | Note
-------+----------+-------------------------------------------
     0 | D:1      | mordus the Formicid Fighter began the quest for the Orb.
     0 | D:1      | Reached XP level 1. HP: 18/18 MP: 1/1
    44 | D:1      | Reached XP level 2. HP: 24/24 MP: 2/2
   309 | D:1      | Reached XP level 3. HP: 18/29 MP: 3/3
   604 | D:1      | Found a faded altar of an unknown god.
   900 | D:1      | Reached skill level 3 in Maces & Flails
  1517 | D:2      | Reached XP level 4. HP: 35/35 MP: 4/4
  2439 | D:3      | Reached XP level 5. HP: 25/41 MP: 5/5
  2468 | D:3      | Reached skill level 4 in Maces & Flails
  3447 | D:4      | Noticed a +0 dagger
  3448 | D:4      | Noticed a +0 spear
  3448 | D:4      | Noticed a +0 short sword
  3449 | D:4      | Noticed a +0 falchion
  3449 | D:4      | Noticed a +0 dagger
  3450 | D:4      | Noticed a +0 spear
  3451 | D:4      | Noticed a +0 short sword
  3451 | D:4      | Noticed a +0 falchion
  3455 | D:4      | Found a hide-covered altar of Uskayaw.
  3508 | D:4      | Reached XP level 6. HP: 47/47 MP: 6/6
  3831 | D:4      | Reached skill level 5 in Shields
  3960 | D:4      | Found a bloodstained altar of Trog.
  3993 | D:4      | Noticed a necrophage
  4004 | D:4      | Killed a necrophage
  4005 | D:4      | Reached skill level 5 in Maces & Flails
  4005 | D:4      | Reached XP level 7. HP: 42/52 MP: 7/7
  4158 | D:4      | Reached skill level 5 in Armour
  4899 | D:5      | Entered Level 5 of the Dungeon
  5064 | D:5      | Reached skill level 6 in Maces & Flails
  5095 | D:5      | Found a runed translucent door.
  5098 | D:5      | Noticed flotson's ghost (weakling DsDe)
  5136 | D:5      | Noticed Grinder
  5155 | D:5      | Found an iron altar of Okawaru.
  5161 | D:5      | Killed Grinder
  5162 | D:5      | Reached XP level 8. HP: 49/58 MP: 8/8
  5837 | D:5      | Reached skill level 7 in Maces & Flails
  6716 | D:5      | Reached XP level 9. HP: 60/64 MP: 9/9
  6910 | D:6      | Found a shadowy altar of Dithmenos.
  6913 | D:6      | Found a burning altar of Makhleb.
  6962 | D:6      | Reached skill level 8 in Maces & Flails
  7398 | D:6      | Found a blossoming altar of Fedhas.
  7673 | D:6      | Noticed Blork the orc
  7684 | D:6      | Killed Blork the orc
  7772 | D:6      | Found a sacrificial altar of Ru.
  8138 | D:7      | Identified the +1 hand axe "Efizitumm" {spect, Str+2}
  8153 | D:7      | Reached skill level 9 in Maces & Flails
  8354 | D:7      | Found a staircase to the Ecumenical Temple.
  8485 | D:7      | Noticed Dowan
  8485 | D:7      | Noticed Duvessa
  8493 | D:7      | Killed Dowan
  8503 | D:7      | Killed Duvessa
  8937 | D:8      | Reached XP level 10. HP: 31/70 MP: 10/10
  9175 | D:8      | Found a runed translucent door.
  9175 | D:8      | Found a shimmering altar of Xom.
  9175 | D:8      | Noticed sleeves's ghost (novice DsMo)
  9175 | D:8      | Noticed a +5 spear of chaos
  9547 | D:8      | Noticed Maggie
  9609 | D:7      | Identified a scroll of acquirement
  9609 | D:7      | Acquired the amulet of the Queen {Acrobat Harm rF++ Int+3}
  9702 | D:9      | Found an ancient bone altar of Kikubaaqudgha.
  9711 | D:8      | Noticed Maurice
  9720 | D:8      | Killed Maurice
  9721 | D:8      | Reached skill level 10 in Maces & Flails
  9797 | D:8      | Found a staircase to the Lair.
  9847 | D:8      | HP: 2/59 [Maggie (4)]
  9856 | D:8      | Killed Maggie
 10268 | D:8      | Noticed Gastronok
 10287 | D:8      | Killed Gastronok
 10288 | D:8      | Reached skill level 11 in Maces & Flails
 10895 | D:8      | Identified the +0 quarterstaff of the Ring {flame, *Noise
                  | Fly Int+4}
 11316 | D:9      | Noticed a cyclops
 11320 | D:9      | Slain by a killer bee

Illustrated notes

Levels and vault maps discovered:
D:1:      minmay_arrival_semitransparent, layout_loops_cross,
          chequers_ecumenical_altar_lobes, minmay_surrounded
D:2:      layout_loops_corners, minmay_tetromino_i4
D:3:      layout_loops_ring
D:4:      layout_basic, nicolae_uskayaw_en_pointe,
          nicolae_overflow_crystal_walls, columned_hall_lemuel
D:5:      layout_basic, kennysheep_okawaru_gauntlet,
          hellmonk_ghost_happy_afterlife, uniq_grinder
D:6:      layout_rooms, minitemple, mainiacjoe_overflow_surrounded_room,
          serial_bayou_lagoon_a, chequers_arboretum, minmay_strange_pillars,
          minmay_crystal_water, uniq_blork_the_orc
D:7:      layout_loops_ring, temple_doors_e, uniq_duvessa
D:8:      layout_basic, lair_entry_dummy, ebering_ghost_xom, uniq_maurice,
          uniq_maggie, uniq_gastronok
D:9:      layout_irregular_city, lemuel_doored_altar, grunt_qazlal_sundering,
          tgw_xom

Skill      XL: |  1  2  3  4  5  6  7  8  9 10 |
---------------+-------------------------------+-----
Shields        | 4 5 6 7 8 9 |  9.9
Maces & Flails | 3 4 5 6 7 9 11 | 11.0
Armour         | 4 5 6 7 9 |  9.1
Fighting       | |  3.2

Action                   |  1- 3 |  4- 6 |  7- 9 | 10-12 || total
-------------------------+-------+-------+-------+-------++-------
Melee: Flail             |   159 |   188 |   170 |       ||   517
       Whip              |       |       |   189 |       ||   189
       Hand axe          |       |       |    57 |    99 ||   156
 Abil: Dig               |       |     1 |     2 |       ||     3
  Use: Scroll            |     3 |       |       |    10 ||    13
       Potion            |       |     2 |     3 |     2 ||     7
 Stab: Distracted        |       |       |     1 |     1 ||     2
Armor: Scale mail        |     6 |       |       |       ||     6
       Chain mail        |   108 |   113 |   175 |    45 ||   441
Dodge: Dodged            |    73 |    69 |   121 |    39 ||   302
Block: Buckler           |    51 |    39 |    86 |    28 ||   204

Table legend: (Time is in decaauts)
 A = Elapsed time spent in this place.
 B = Non-inter-level travel time spent in this place.
 C = Inter-level travel time spent in this place.
 D = Time resting spent in this place.
 E = Time spent auto-exploring this place.
 F = Levels seen in this place.
 G = Mean time per level.
                   A        B        C        D        E       F      G
               +--------+--------+--------+--------+--------+-----+--------+
         Total |  11373 |  11122 |    251 |   3114 |   6077 |   9 | 1263.7 |
       Dungeon |  11373 |  11122 |    251 |   3114 |   6077 |   9 | 1263.7 |
               +--------+--------+--------+--------+--------+-----+--------+

Top non-repeatable levels by time:
     D:8: 2068 daAuts
     D:4: 1746 daAuts
     D:5: 1625 daAuts
     D:1: 1532 daAuts
     D:7: 1224 daAuts
     D:3: 1048 daAuts
     D:6: 971 daAuts
     D:2: 935 daAuts
     D:9: 222 daAuts
